 Dungeon Crawl Stone Soup version 0.27.1-2-g3b301248ec (webtiles) character file.

Game seed: 13265787488311288142

66 Violens the Shield-Bearer (level 3, -2/33 HPs)
             Began as a Minotaur Fighter on Sept 30, 2021.
             Killed by divine providence
             ... invoked by an orc priest
              (11 damage)
             ... on level 3 of the Dungeon.
             The game lasted 00:10:26 (1668 turns).

Violens the Shield-Bearer (Minotaur Fighter)        Turns: 1668, Time: 00:10:28

Health: -2/33      AC:  7    Str: 21    XL:     3   Next: 96%
Magic:  2/2        EV:  7    Int:  5    God:
Gold:   93         SH: 14    Dex:  9    Spells: 2/2 levels left

rFire    . . .     SeeInvis .   a - +0 flail
rCold    . . .     Faith    .   c - +0 kite shield
rNeg     . . .     Spirit   .   e - +0 scale mail
rPois    .         Reflect  +   (helmet restricted)
rElec    .         Harm     .   (no cloak)
rCorr    +         Rampage  .   (no gloves)
Will     .....                  (no boots)
Stlth    ..........             k - amulet of reflection
HPRegen  0.11/turn              p - ring of resist corrosion
MPRegen  0.08/turn              (no ring)

@: no status effects
A: horns 2, retaliatory headbutt
a: no special abilities


You were on level 3 of the Dungeon.
You visited 1 branch of the dungeon, and saw 3 of its levels.

You collected 93 gold pieces.

Inventory:

Hand Weapons
 a - a +0 flail (weapon)
 b - a +0 hunting sling
 q - a +1 hand axe of distortion
Missiles
 f - 9 poisoned darts (quivered)
 l - 27 sling bullets
Armour
 c - a +0 kite shield (worn)
 e - a +0 scale mail (worn)
Jewellery
 k - an amulet of reflection (around neck)
 p - a ring of resist corrosion (left hand)
Wands
 m - a wand of flame (18)
Scrolls
 j - 2 scrolls of identify {unknown}
 n - a scroll of summoning {unknown}
 o - a scroll of teleportation {unknown}
Potions
 d - a potion of might
 g - 2 potions of heal wounds {unknown}
 h - a potion of brilliance {unknown}
 i - 2 potions of berserk rage {unknown}


   Skills:
 + Level 4.0 Fighting
 + Level 3.6 Maces & Flails
 + Level 4.1 Armour
 + Level 0.1 Dodging
 + Level 4.4 Shields


You had 2 spell levels left.
You didn't know any spells.
Your spell library was empty.

Dungeon Overview and Level Annotations

Branches:
Dungeon (3/15)

Altars:
Kikubaaqudgha

Shops:
D:1 =


Innate Abilities, Weirdness & Mutations

You have a pair of horns on your head.
You reflexively headbutt those who attack you in melee.


Message History

You hit the orc but do no damage.
The orc is severely wounded.
The orc hits you with a +0 club. You block the orc's attack.
You hit the orc.
The orc is almost dead.
You block the orc's attack.
You hit the orc but do no damage. You headbutt the orc, but do no damage.
The orc is almost dead.
You block the orc's attack.
You hit the orc.
You kill the orc!
The orc priest mumbles some strange prayers to Beogh against you.
Pain shoots through your body! The quokka barely misses you.
You block the orc priest's attack.
Things that are here:
a +0 club; a +0 chain mail You hit the orc priest but do no damage.
You headbutt the orc priest!
The orc priest is heavily wounded.
The quokka bites you.
The orc priest hits you with a +0 hand axe.
You block the quokka's attack. You block the orc priest's attack.
You barely miss the orc priest. Your headbutt misses the orc priest.
The orc priest is heavily wounded.
You block the quokka's attack.
The orc priest hits you with a +0 hand axe.
The quokka bites you but does no damage.
You closely miss the orc priest. Your headbutt misses the orc priest.
The orc priest is heavily wounded.
The orc priest hits you with a +0 hand axe.
You block the quokka's attack.
The orc priest hits you with a +0 hand axe.
* * * LOW HITPOINT WARNING * * *
You barely miss the orc priest.
The orc priest is heavily wounded.
The quokka barely misses you. You furiously retaliate!
You headbutt the quokka. You block the quokka's attack.
The orc priest calls down the wrath of Beogh upon you.
Beogh smites you!
You die...

##+## ##...## #.
##.....## ###.
##[......## #...
#.........###...
+....<....+.....
#.........###...
##.......###...r####
##.....## #...o@..#
##...## #....##.#
##'## ####. #.# #.#
#.##.###.# #.#
#........#
##.############.#####
##...#...>...# #.#
#......#####.# #.#
##...#.# #.# #.#


You could see an orc priest and a quokka.

Vanquished Creatures
  2 adders (D:2)
  6 orcs
  5 endoplasms (D:1)
  3 giant cockroaches (D:2)
  3 goblins
  A hobgoblin (D:1)
  5 ball pythons
  3 frilled lizards
  8 kobolds
  7 rats
43 creatures vanquished.

Vanquished Creatures (others)
  3 plants (D:1)
3 creatures vanquished.

Grand Total: 46 creatures vanquished

Notes
Turn   | Place    | Note
-------+----------+-------------------------------------------
     0 | D:1      | Violens the Minotaur Fighter began the quest for the Orb.
     0 | D:1      | Reached XP level 1. HP: 19/19 MP: 0/0
   167 | D:1      | Reached XP level 2. HP: 27/27 MP: 1/1
   339 | D:1      | Found Qapigeaf's Jewellery Boutique.
   340 | D:1      | Found a faded altar of an unknown god.
   750 | D:2      | Found an ancient bone altar of Kikubaaqudgha.
   809 | D:2      | Reached XP level 3. HP: 30/33 MP: 2/2
  1668 | D:3      | Killed from afar by an orc priest

Illustrated notes

Levels and vault maps discovered:
D:1:      dpeg_arrival_tiny_i, layout_basic, basic_ecumenical_altar,
          serial_shops, shop, lexackson_kobold_supper
D:2:      layout_basic, serial_rivers, chequers_serial_rivers_micro_e,
          chequers_serial_rivers_large_b, chequers_serial_rivers_micro_b,
          chequers_serial_rivers_micro_e, basic_altar, minmay_cut_off
D:3:      layout_loops_corners, serial_glass, glass_columns_c, glass_columns_b,
          minmay_strange_pillars, minmay_strange_pillars, item_on_display_a,
          serial_shops, nicolae_shop_stone, uniq_grinder,
          uniq_crazy_yiuf_cottage, uniq_jessica

Skill      XL: |  1  2  3 |
---------------+----------+-----
Shields        | 4 |  4.4
Maces & Flails | 3 |  3.6
Armour         | 4 |  4.1
Fighting       | 4 |  4.0
Dodging        | |  0.1

Action                   || total
-------------------------++-------
Melee: Flail             ||   100
       Headbutt          ||    15
Armor: Scale mail        ||    13
Dodge: Dodged            ||    22
Block: Kite shield       ||    73
       Reflection        ||     4
